MLB
BALTIMORE ORIOLES @ TAMPA BAY RAYS
09/09/2018
 
TOP OF THE 1ST
Baltimore Orioles batting - Pitching for Tampa Bay Rays : LHP Cole Hamels
Pitching: LHP Cole Hamels
Batting: SHB Dexter Fowler 0-0: Ball
1-0: Called Strike
1-1: Foul Ball, location: 2F
1-2: Ball
2-2: Ball
3-2: Foul Ball, location: 2F
3-2: Ground out 4-3 (Groundball, 4D)
Batting: SHB Jose Reyes 0-0: Foul Ball, location: 2F
0-1: Foul Ball, location: 2F
0-2: Ball
1-2: SOLO HOME RUN (Flyball, 7D), Distance : 367 ft
Batting: LHB Rafael Devers 0-0: Called Strike
0-1: Ground out 6-3 (Groundball, 4MD)
Batting: SHB Chase Headley 0-0: Foul Ball, location: 2F
0-1: Called Strike
0-2: Ball
1-2: Foul Ball, location: 2F
1-2: Ball
2-2: Strikes out swinging
Top of the 1st over - 1 run, 1 hit, 0 errors, 0 left on base; Baltimore 1 - Tampa Bay 0
BOTTOM OF THE 1ST
Tampa Bay Rays batting - Pitching for Baltimore Orioles : RHP Chance Adams
Pitching: RHP Chance Adams
Batting: RHB A.J. Pollock 0-0: Fly out, F6 (Popup, 6)
Batting: LHB Joey Votto 0-0: Foul Ball, location: 2F
0-1: Foul Ball, location: 2F
0-2: Ball
1-2: Fly out, F4 (Popup, 4D)
Batting: LHB Chris Davis 0-0: Called Strike
0-1: Ball
1-1: Ball
2-1: Foul Ball, location: 2F
2-2: Foul Ball, location: 2F
2-2: Ball
3-2: Base on Balls
Batting: RHB Adrian Beltre 0-0: Called Strike
0-1: Ball
1-1: Swinging Strike
1-2: Foul Ball, location: 2F
1-2: Ball
2-2: Ball
3-2: Fly out, F8 (Flyball, 8LM)
Bottom of the 1st over - 0 runs, 0 hits, 0 errors, 1 left on base; Baltimore 1 - Tampa Bay 0
TOP OF THE 2ND
Baltimore Orioles batting - Pitching for Tampa Bay Rays : LHP Cole Hamels
Batting: LHB Shohei Ohtani 0-0: Ball
1-0: Ball
2-0: Ball
3-0: Called Strike
3-1: Foul Ball, location: 2F
3-2: Foul Ball, location: 2F
3-2: Strikes out swinging
Batting: RHB Albert Almora 0-0: Called Strike
0-1: Ball
1-1: Called Strike
1-2: Ball
2-2: Strikes out swinging
Batting: SHB Johan Camargo 0-0: SINGLE (Groundball, 6MD)
Batting: LHB Derek Fisher 0-0: SINGLE (Groundball, 6) (infield hit)
Johan Camargo to second
Batting: LHB Stephen Vogt 0-0: Called Strike
0-1: Ball
1-1: Swinging Strike
1-2: Strikes out swinging
Top of the 2nd over - 0 runs, 2 hits, 0 errors, 2 left on base; Baltimore 1 - Tampa Bay 0
BOTTOM OF THE 2ND
Tampa Bay Rays batting - Pitching for Baltimore Orioles : RHP Chance Adams
Batting: LHB Adam Eaton 0-0: Ball
1-0: Hit by Pitch
Batting: RHB Matt Duffy 0-0: Called Strike
0-1: Ball
1-1: Ball
2-1: Ground out 6-3 (Groundball, 6S)
Adam Eaton to second
Batting: SHB Ben Zobrist 0-0: Foul Ball, location: 2F
0-1: Fly out, F5 (Popup, 5S)
Batting: RHB Zack Cozart 0-0: Ball
1-0: Swinging Strike
1-1: Called Strike
1-2: SINGLE (Flyball, 78S)
Adam Eaton to third
Throwing error, E7
Adam Eaton scores
Zack Cozart to second
Batting: RHB Manny Pina 0-0: Ball
1-0: Ball
2-0: Called Strike
2-1: Foul Ball, location: 2F
2-2: Strikes out swinging
Bottom of the 2nd over - 1 run, 1 hit, 1 error, 1 left on base; Baltimore 1 - Tampa Bay 1
TOP OF THE 3RD
Baltimore Orioles batting - Pitching for Tampa Bay Rays : LHP Cole Hamels
Batting: SHB Dexter Fowler 0-0: Ball
1-0: Ground out 5-3 (Groundball, 56S)
Batting: SHB Jose Reyes 0-0: Called Strike
0-1: SINGLE (Line Drive, 56D)
Batting: LHB Rafael Devers 0-0: Ball
1-0: Fly out, F7 (Flyball, 7LM)
Batting: SHB Chase Headley 0-0: Foul Ball, location: 2F
0-1: Foul Ball, location: 2F
0-2: Foul Ball, location: 2F
0-2: Fly out, F9 (Flyball, 9)
Top of the 3rd over - 0 runs, 1 hit, 0 errors, 1 left on base; Baltimore 1 - Tampa Bay 1
BOTTOM OF THE 3RD
Tampa Bay Rays batting - Pitching for Baltimore Orioles : RHP Chance Adams
Batting: RHB A.J. Pollock 0-0: Foul Ball, location: 2F
0-1: Ground out 6-3 (Groundball, 6)
Batting: LHB Joey Votto 0-0: Foul Ball, location: 2F
0-1: Ball
1-1: Foul Ball, location: 2F
1-2: Ball
2-2: Ground out 3-1 (Groundball, 34)
Batting: LHB Chris Davis 0-0: Ball
1-0: Ball
2-0: Ball
3-0: Base on Balls
Batting: RHB Adrian Beltre 0-0: Ground out 5-3 (Groundball, 56S)
Bottom of the 3rd over - 0 runs, 0 hits, 0 errors, 1 left on base; Baltimore 1 - Tampa Bay 1
TOP OF THE 4TH
Baltimore Orioles batting - Pitching for Tampa Bay Rays : LHP Cole Hamels
Batting: LHB Shohei Ohtani 0-0: Ball
1-0: Called Strike
1-1: Foul Ball, location: 2F
1-2: Ball
2-2: Strikes out looking
Batting: RHB Albert Almora 0-0: Foul Ball, location: 2F
0-1: Fly out, F4 (Popup, 34)
Batting: SHB Johan Camargo 0-0: Called Strike
0-1: Ground out 6-3 (Groundball, 56)
Top of the 4th over - 0 runs, 0 hits, 0 errors, 0 left on base; Baltimore 1 - Tampa Bay 1
BOTTOM OF THE 4TH
Tampa Bay Rays batting - Pitching for Baltimore Orioles : RHP Chance Adams
Batting: LHB Adam Eaton 0-0: Ball
1-0: Fly out, F7 (Flyball, 7)
Batting: RHB Matt Duffy 0-0: Foul Ball, location: 2F
0-1: Called Strike
0-2: Ball
1-2: Foul Ball, location: 2F
1-2: Ball
2-2: SINGLE (Flyball, 89S)
Batting: SHB Ben Zobrist 0-0: Ball
1-0: Ball
2-0: Fielders Choice at 2nd, 4-6 (Groundball, 4)
Batting: RHB Zack Cozart 0-0: Ball
Ben Zobrist steals 2nd base
1-0: Ground out 6-3 (Groundball, 56)
Bottom of the 4th over - 0 runs, 1 hit, 0 errors, 1 left on base; Baltimore 1 - Tampa Bay 1
TOP OF THE 5TH
Baltimore Orioles batting - Pitching for Tampa Bay Rays : LHP Cole Hamels
Batting: LHB Derek Fisher 0-0: Called Strike
0-1: Ball
1-1: Foul Ball, location: 2F
1-2: Foul Ball, location: 2F
1-2: Ball
2-2: SINGLE (Groundball, 4) (infield hit)
Batting: LHB Stephen Vogt 0-0: Fly out, F9 (Flyball, 9LS)
Batting: SHB Dexter Fowler 0-0: Ball
1-0: Called Strike
1-1: Foul Ball, location: 2F
1-2: DOUBLE (Line Drive, 7LM)
Derek Fisher to third
Batting: SHB Jose Reyes 0-0: Called Strike
0-1: Fly out, F8 (Line Drive, 8RM)
Runner from 3rd tags up, SCORES, no throw by CF
Batting: LHB Rafael Devers 0-0: Ball
1-0: Ball
2-0: Ball
3-0: SINGLE (Line Drive, 78M)
Dexter Fowler to third
Runner from 3rd tries for Home, SAFE, no throw by CF
Batting: SHB Chase Headley 0-0: Foul Ball, location: 2F
0-1: Ball
1-1: Foul Ball, location: 2F
1-2: Foul Ball, location: 2F
1-2: Ground out 5-3 (Groundball, 56S)
Top of the 5th over - 2 runs, 3 hits, 0 errors, 1 left on base; Baltimore 3 - Tampa Bay 1
BOTTOM OF THE 5TH
Tampa Bay Rays batting - Pitching for Baltimore Orioles : RHP Chance Adams
Batting: RHB Manny Pina 0-0: Called Strike
0-1: Ground out 5-3 (Groundball, 5)
Batting: RHB A.J. Pollock 0-0: Ball
1-0: Ball
2-0: Swinging Strike
2-1: Ball
3-1: Swinging Strike
3-2: Foul Ball, location: 2F
3-2: DOUBLE (Line Drive, 7LD)
Batting: LHB Joey Votto 0-0: Foul Ball, location: 2F
0-1: Ball
1-1: Ball
2-1: Foul Ball, location: 2F
2-2: Ball
3-2: Base on Balls
Batting: LHB Chris Davis 0-0: Ball
1-0: Ball
2-0: Ball
3-0: Called Strike
3-1: Base on Balls
A.J. Pollock to third
Joey Votto to second
Batting: RHB Adrian Beltre 0-0: Foul Ball, location: 2F
0-1: Called Strike
0-2: Fly out, F4 (Flyball, 4MD)
Pitching: RHP Jeff Manship
Batting: LHB Adam Eaton 0-0: Fielders Choice at 2nd, 5-4 (Groundball, 56)
Bottom of the 5th over - 0 runs, 1 hit, 0 errors, 3 left on base; Baltimore 3 - Tampa Bay 1
TOP OF THE 6TH
Baltimore Orioles batting - Pitching for Tampa Bay Rays : LHP Cole Hamels
Batting: LHB Shohei Ohtani 0-0: Called Strike
0-1: Swinging Strike
0-2: Foul Ball, location: 2F
0-2: Foul Ball, location: 2F
0-2: Ball
1-2: Strikes out swinging
Batting: RHB Albert Almora 0-0: Ball
1-0: Foul Ball, location: 2F
1-1: Called Strike
1-2: Foul Ball, location: 2F
1-2: Fly out, F8 (Flyball, 8RS)
Batting: SHB Johan Camargo 0-0: Ball
1-0: Called Strike
1-1: Foul Ball, location: 2F
1-2: Foul Ball, location: 2F
1-2: Ball
2-2: Fly out, F7 (Flyball, 7D)
Top of the 6th over - 0 runs, 0 hits, 0 errors, 0 left on base; Baltimore 3 - Tampa Bay 1
BOTTOM OF THE 6TH
Tampa Bay Rays batting - Pitching for Baltimore Orioles : RHP Jeff Manship
Batting: RHB Matt Duffy 0-0: Ball
1-0: Fly out, F7 (Flyball, 7D)
Batting: SHB Ben Zobrist 0-0: Foul Ball, location: 2F
0-1: Ground out 1-3 (Groundball, 13)
Batting: RHB Zack Cozart 0-0: Ball
1-0: Ball
2-0: Fly out, F6 (Popup, 4S)
Bottom of the 6th over - 0 runs, 0 hits, 0 errors, 0 left on base; Baltimore 3 - Tampa Bay 1
TOP OF THE 7TH
Baltimore Orioles batting - Pitching for Tampa Bay Rays : LHP Cole Hamels
Pitching: RHP Mychal Givens
Batting: LHB Derek Fisher 0-0: Called Strike
0-1: Called Strike
0-2: SINGLE (Line Drive, 56D)
Batting: LHB Stephen Vogt 0-0: Ball
1-0: Ball
2-0: Called Strike
2-1: Ball
3-1: Foul Ball, location: 2F
3-2: Foul Ball, location: 2F
3-2: Strikes out swinging
Batting: SHB Dexter Fowler 0-0: Called Strike
0-1: Ball
1-1: Ball
2-1: Ball
3-1: Swinging Strike
3-2: Base on Balls
Derek Fisher to second
Batting: SHB Jose Reyes 0-0: Ball
1-0: Ball
2-0: Foul Ball, location: 2F
2-1: Ball
3-1: Foul Ball, location: 2F
3-2: Foul Ball, location: 2F
3-2: Strikes out looking
Batting: LHB Rafael Devers 0-0: Ball
1-0: Foul Ball, location: 2F
1-1: Ball
2-1: Ball
3-1: Base on Balls
Derek Fisher to third
Dexter Fowler to second
Pitching: RHP Darren O'Day
Batting: SHB Chase Headley 0-0: Fielders Choice at 2nd, 6-4 (Groundball, 4M)
Top of the 7th over - 0 runs, 1 hit, 0 errors, 3 left on base; Baltimore 3 - Tampa Bay 1
BOTTOM OF THE 7TH
Tampa Bay Rays batting - Pitching for Baltimore Orioles : RHP Jeff Manship
Batting: RHB Manny Pina 0-0: Ball
1-0: Called Strike
1-1: Ball
2-1: Ball
3-1: Fly out, F5 (Line Drive, 5)
Batting: RHB A.J. Pollock 0-0: Called Strike
0-1: Fly out, F8 (Flyball, 78S)
Batting: LHB Joey Votto 0-0: Ball
1-0: Ball
2-0: Ball
3-0: Called Strike
3-1: Base on Balls
Batting: LHB Chris Davis 0-0: Ball
1-0: Ball
2-0: Ball
3-0: Base on Balls
Joey Votto to second
Batting: RHB Adrian Beltre 0-0: Ball
1-0: Fly out, F6 (Flyball, 56D)
Bottom of the 7th over - 0 runs, 0 hits, 0 errors, 2 left on base; Baltimore 3 - Tampa Bay 1
TOP OF THE 8TH
Baltimore Orioles batting - Pitching for Tampa Bay Rays : RHP Darren O'Day
Batting: LHB Shohei Ohtani 0-0: Swinging Strike
0-1: Called Strike
0-2: Foul Ball, location: 2F
0-2: Foul Ball, location: 2F
0-2: Ball
1-2: Strikes out looking
Batting: RHB Albert Almora 0-0: Swinging Strike
0-1: Ball
1-1: Ball
2-1: Foul Ball, location: 2F
2-2: Ball
3-2: Strikes out swinging
Batting: SHB Johan Camargo 0-0: Ball
1-0: Foul Ball, location: 2F
1-1: Swinging Strike
1-2: Ball
2-2: Strikes out swinging
Top of the 8th over - 0 runs, 0 hits, 0 errors, 0 left on base; Baltimore 3 - Tampa Bay 1
BOTTOM OF THE 8TH
Tampa Bay Rays batting - Pitching for Baltimore Orioles : RHP Jeff Manship
Pitching: LHP Justin Wilson
Batting: LHB Adam Eaton 0-0: Ball
1-0: Fly out, F8 (Flyball, 8LS)
Batting: RHB Matt Duffy 0-0: Called Strike
0-1: Ball
1-1: Called Strike
1-2: Ball
2-2: Ground out 5-3 (Groundball, 56S)
Batting: SHB Ben Zobrist 0-0: Ball
1-0: Swinging Strike
1-1: Ball
2-1: Swinging Strike
2-2: Strikes out swinging
Bottom of the 8th over - 0 runs, 0 hits, 0 errors, 0 left on base; Baltimore 3 - Tampa Bay 1
TOP OF THE 9TH
Baltimore Orioles batting - Pitching for Tampa Bay Rays : RHP Darren O'Day
Pitching: LHP James Pazos
Batting: LHB Derek Fisher 0-0: Called Strike
0-1: Ball
1-1: Foul Ball, location: 2F
1-2: Ball
2-2: Strikes out swinging
Batting: LHB Stephen Vogt 0-0: Called Strike
0-1: Swinging Strike
0-2: Strikes out swinging, 2-3 out at first.
Batting: SHB Dexter Fowler 0-0: Called Strike
0-1: Called Strike
0-2: SINGLE (Line Drive, 4MD)
Batting: SHB Jose Reyes 0-0: Ball
1-0: TRIPLE (Flyball, 8RXD)
Dexter Fowler scores
Batting: LHB Rafael Devers 0-0: Swinging Strike
0-1: Ball
1-1: Foul Ball, location: 2F
1-2: Strikes out swinging
Top of the 9th over - 1 run, 2 hits, 0 errors, 1 left on base; Baltimore 4 - Tampa Bay 1
BOTTOM OF THE 9TH
Tampa Bay Rays batting - Pitching for Baltimore Orioles : LHP Justin Wilson
Now at SS: Brendan Ryan
Batting: RHB Zack Cozart 0-0: Ball
1-0: Called Strike
1-1: Swinging Strike
1-2: Strikes out swinging
Batting: RHB Manny Pina 0-0: Fly out, F8 (Flyball, 8RD)
Batting: RHB A.J. Pollock 0-0: Swinging Strike
0-1: Ball
1-1: Ball
2-1: Swinging Strike
2-2: Fly out, F9 (Line Drive, 9)
Bottom of the 9th over - 0 runs, 0 hits, 0 errors, 0 left on base; Baltimore 4 - Tampa Bay 1
Tuesday, November 20th, 2018 - OOTP Baseball 19.9 Build 117